[Event "Titled Tuesday Blitz May 23 Late 2023"]
[White "Weetik, Vjacheslav"]
[Black "Buchenau, Frank"]
[WhiteFideId "4153472"]
[BlackFideId "4604350"]
[WhiteElo "2469"]
[BlackElo "2157"]
[Result "1-0"]
[Round "07"]
[TimeControl "180+2"]
[Date "2023.05.23"]
[WhiteClock "0:00:08"]
[BlackClock "0:00:00"]

1. d4 e6 2. c4 Nf6 3. g3 d5 4. Nf3 c5 5. cxd5 Nxd5 6. e4 Nf6 7. Nc3 cxd4 8. Qxd4 Qxd4 9. Nxd4 a6 10. Bg2 Bc5 11. Nb3 Ba7 12. f4 Nc6 13. e5 Ng4 14. Ne4 O-O 15. Ke2 f6 16. h3 Nh6 17. exf6 gxf6 18. Be3 Bxe3 19. Kxe3 Nf5+ 20. Kf2 e5 21. Rac1 exf4 22. gxf4 Be6 23. Nbc5 Bc8 24. Rhd1 Ncd4 25. Nd6 Nxd6 26. Rxd4 Nf5 27. Rb4 Rd8 28. Rc2 Ra7 29. Nxb7 Bxb7 30. Rxb7 Rxb7 31. Bxb7 Rd4 32. Bxa6 Rxf4+ 33. Ke1 Re4+ 34. Re2 Ra4 35. Bb5 Rh4 36. Rf2 Nd4 37. Bf1 Kf7 38. Kd2 Re4 39. Kd3 Rh4 40. Kc3 Nc6 41. a3 Ke7 42. b4 Ke6 43. Bc4+ Ke5 44. Bf1 Nd4 45. Rd2 Nf3 46. Rd8 1-0


[Site "https://www.chess.com"]

[Event "Titled Tuesday Blitz May 23 Late 2023"]
[White "Tomiello, Mateus Costamilan"]
[Black "Wizard_of_Odds"]
[WhiteFideId "22701958"]
[WhiteElo "1990"]
[BlackElo "2444"]
[Result "1-0"]
[Round "07"]
[TimeControl "180+2"]
[Date "2023.05.23"]
[WhiteClock "0:00:29"]
[BlackClock "0:00:17"]

1. e4 c5 2. Nf3 d6 3. d4 cxd4 4. Nxd4 Nf6 5. Nc3 g6 6. Be3 Bg7 7. Be2 Nc6 8. h3 O-O 9. Qd2 d5 10. exd5 Nxd5 11. Nxc6 bxc6 12. Bd4 Bxd4 13. Qxd4 Qb6 14. Qxb6 axb6 15. Nxd5 cxd5 16. O-O e5 17. Rfd1 Be6 18. c3 Rfc8 19. Bb5 Kf8 20. a4 Ke7 21. f3 g5 22. Kf2 h5 23. h4 f6 24. Rh1 g4 25. Rhd1 gxf3 26. gxf3 Kd6 27. Rg1 Rg8 28. Ke3 Kc5 29. Rad1 Rxg1 30. Rxg1 d4+ 31. Kd2 Bd5 32. Rg6 Rf8 33. b4+ Kd6 34. cxd4 exd4 35. Kd3 Ke5 36. f4+ Kf5 37. Rg7 Rd8 38. Rd7 Rxd7 39. Bxd7+ Kxf4 40. Kxd4 Bb7 41. Kc4 Ba6+ 42. Kd5 Bd3 43. Kc6 b5 44. a5 Kg3 45. a6 Be4+ 46. Kb6 f5 47. Bc6 Bxc6 48. Kxc6 f4 49. a7 f3 50. a8=Q f2 51. Qg8+ Kh2 52. Qf7 Kg2 53. Qg6+ Kh2 54. Qf5 Kg2 55. Qg5+ Kh2 56. Qf4+ Kg2 57. Kxb5 f1=Q+ 58. Qxf1+ Kxf1 59. Kc4 Kg2 60. b5 Kg3 61. b6 Kxh4 62. b7 Kh3 63. b8=Q h4 64. Kd3 Kg2 65. Ke2 h3 66. Qg8+ Kh1 67. Kf2 h2 68. Qg2# 1-0


[Site "https://www.chess.com"]

[Event "Titled Tuesday Blitz May 23 Late 2023"]
[White "Mackster23"]
[Black "Kiremitciyan, Ari"]
[BlackFideId "6373445"]
[WhiteElo "2442"]
[BlackElo "2181"]
[Result "1-0"]
[Round "07"]
[TimeControl "180+2"]
[Date "2023.05.23"]
[WhiteClock "0:00:03"]
[BlackClock "0:00:00"]

1. e4 e5 2. Nf3 Nc6 3. Bc4 g6 4. d4 exd4 5. c3 dxc3 6. Nxc3 Bg7 7. Bg5 Nce7 8. Qb3 f6 9. Bf4 d6 10. O-O-O Bh6 11. Bxh6 Nxh6 12. e5 fxe5 13. Nxe5 Kf8 14. Ne4 Nc6 15. Nxc6 bxc6 16. Qc3 Nf7 17. Bxf7 Kxf7 18. Qxc6 Bf5 19. Qd5+ Kg7 20. Rhe1 Re8 21. f4 Qe7 22. Ng3 Qxe1 23. Nxf5+ gxf5 24. Rxe1 Rxe1+ 25. Kd2 Rae8 26. Qxf5 R1e2+ 27. Kd3 Rxg2 28. Qd7+ Kf8 29. Qxc7 Rxh2 30. Qxd6+ Kg8 31. Qd5+ Kf8 32. Qc5+ Kf7 33. Qc7+ Re7 34. Qc4+ Kf8 35. Qc8+ Kf7 36. Qf5+ Ke8 37. Qb5+ Kf7 38. a4 Rh6 39. Qf5+ Kg7 40. Qg5+ 1-0


[Site "https://www.chess.com"]

[Event "Titled Tuesday Blitz May 23 Late 2023"]
[White "Pires, Marcos Vinicius Torsani"]
[Black "Veiga, Jose Francisco R P Neves"]
[WhiteFideId "2118939"]
[BlackFideId "1930087"]
[WhiteElo "2273"]
[BlackElo "2320"]
[Result "0-1"]
[Round "07"]
[TimeControl "180+2"]
[Date "2023.05.23"]
[WhiteClock "0:01:28"]
[BlackClock "0:02:04"]

1. e4 Nc6 2. d4 d5 3. Nc3 dxe4 4. d5 Ne5 5. Qd4 Ng6 6. Qxe4 Nf6 7. Qa4+ Bd7 8. Qb3 c6 9. Nf3 cxd5 10. Nxd5 Bc6 11. Nxf6+ exf6 12. Bb5 Qa5+ 13. Bd2 Qxb5 14. Qe3+ Be7 15. O-O-O O-O 16. h4 Bc5 17. Qc3 Rfc8 18. h5 Ne7 19. Nd4 Bxd4 20. Qxd4 Qa4 21. Qg4 Qxg4 0-1


[Site "https://www.chess.com"]

[Event "Titled Tuesday Blitz May 23 Late 2023"]
[White "Golubev, Mikhail"]
[Black "Sourath Biswas"]
[WhiteFideId "14100983"]
[BlackFideId "35091484"]
[WhiteElo "2374"]
[BlackElo "2171"]
[Result "0-1"]
[Round "07"]
[TimeControl "180+2"]
[Date "2023.05.23"]
[WhiteClock "0:00:00"]
[BlackClock "0:00:17"]

1. e4 c6 2. d4 d5 3. e5 Bf5 4. h4 h5 5. c4 e6 6. Nc3 Bb4 7. a3 Bxc3+ 8. bxc3 Ne7 9. Bg5 c5 10. cxd5 Qxd5 11. Bxe7 Kxe7 12. Nf3 Nc6 13. Be2 Rhd8 14. O-O cxd4 15. cxd4 Nxd4 16. Nxd4 Qxd4 17. Qc1 Qxe5 18. Bxh5 Rac8 19. Qg5+ Qf6 20. Qg3 Rh8 21. Rad1 Kf8 22. Bf3 Qxh4 23. Qxh4 Rxh4 24. Bxb7 Rb8 25. Bc6 Rc4 26. Bd7 Rc7 27. Ba4 Rc3 28. Ra1 Rb6 29. Bd1 Rb1 30. Rxb1 Bxb1 31. Bf3 Bd3 32. Ra1 Rb3 33. Bd1 Rb1 34. Rxb1 Bxb1 35. Kf1 Ba2 36. Ke1 Ke7 37. Kd2 Kd6 38. f4 Bd5 39. g3 Kc5 40. Kc3 Bg2 41. Bh5 f6 42. Bd1 Bf1 43. Bb3 e5 44. fxe5 fxe5 45. Bc2 Bg2 46. Bf5 e4 47. Bg6 Kd5 48. Bf7+ Ke5 49. Bc4 Kf5 0-1


[Site "https://www.chess.com"]

[Event "Titled Tuesday Blitz May 23 Late 2023"]
[White "Dudzinski, Pawel"]
[Black "Adewumi, Tanitoluwa"]
[WhiteFideId "1117890"]
[BlackFideId "30966396"]
[WhiteElo "2099"]
[BlackElo "2568"]
[Result "0-1"]
[Round "07"]
[TimeControl "180+2"]
[Date "2023.05.23"]
[WhiteClock "0:00:01"]
[BlackClock "0:00:07"]

1. e4 c5 2. c4 Nc6 3. Nc3 g6 4. g3 Bg7 5. Bg2 d6 6. Nge2 Nf6 7. Rb1 O-O 8. a3 Bg4 9. f3 Be6 10. d3 Rb8 11. b4 Nd7 12. b5 Nd4 13. Bb2 Qa5 14. O-O a6 15. Nd5 Bxd5 16. exd5 Nf5 17. Bxg7 Kxg7 18. Qc1 Ne5 19. g4 Nh4 20. Rb3 h6 21. h3 Nxg2 22. Kxg2 axb5 23. Rxb5 Qa4 24. f4 Nd7 25. Qc3+ f6 26. Rfb1 Qa6 27. Ng3 Kf7 28. Qb3 b6 29. Ne4 Ra8 30. Ra1 Qa4 31. Qb2 Ra6 32. Rb3 Rfa8 33. Rf1 Qa5 34. g5 hxg5 35. fxg5 f5 36. Ng3 Ne5 37. Qf2 Qa4 38. Nxf5 gxf5 39. Qxf5+ Ke8 40. g6 Qxb3 41. g7 Qc2+ 42. Kh1 Kd8 43. g8=Q+ Kc7 44. Qg7 Re8 45. Qe6 Ra7 46. Qeh6 Qxd3 47. Qf4 Qe2 48. Qh2 Qxf1+ 49. Qgg1 Qxg1+ 50. Qxg1 Rxa3 51. Qe3 Rxe3 52. Kg2 Rf3 53. h4 Rg8+ 54. Kh2 Rf4 55. Kh3 Nf3 56. h5 Rh4# 0-1


[Site "https://www.chess.com"]

[Event "Titled Tuesday Blitz May 23 Late 2023"]
[White "Ollier, Pablo"]
[Black "Perez Rodriguez, Jennifer"]
[WhiteFideId "652318"]
[BlackFideId "3507831"]
[WhiteElo "2564"]
[BlackElo "2116"]
[Result "1-0"]
[Round "07"]
[TimeControl "180+2"]
[Date "2023.05.23"]
[WhiteClock "0:02:21"]
[BlackClock "0:01:27"]

1. d4 d5 2. c4 c6 3. Nc3 Nf6 4. e3 e6 5. Nf3 Nbd7 6. Qc2 Bd6 7. g4 h6 8. Bd2 Nxg4 9. Rg1 Nxh2 10. Nxh2 Bxh2 11. Rxg7 Qf6 12. Rg2 Bd6 13. O-O-O Nf8 14. Qb3 h5 15. e4 dxe4 16. Nxe4 Qe7 17. Bg5 1-0


[Site "https://www.chess.com"]

[Event "Titled Tuesday Blitz May 23 Late 2023"]
[White "Vadim_Galchenko"]
[Black "Chylewski, Patryk"]
[BlackFideId "1186191"]
[WhiteElo "2415"]
[BlackElo "2163"]
[Result "1-0"]
[Round "07"]
[TimeControl "180+2"]
[Date "2023.05.23"]
[WhiteClock "0:00:36"]
[BlackClock "0:00:28"]

1. e4 c6 2. c4 d5 3. exd5 cxd5 4. cxd5 Nf6 5. Bb5+ Nbd7 6. Nc3 g6 7. Nf3 Bg7 8. d6 e6 9. O-O O-O 10. d4 a6 11. Be2 Nb6 12. Bf4 Nbd5 13. Be5 b5 14. a4 b4 15. Nxd5 Nxd5 16. Rc1 Bb7 17. Qd2 a5 18. Rc5 f6 19. Bg3 Re8 20. Bb5 Rf8 21. Rfc1 Rf7 22. d7 Bf8 23. R5c2 Rxd7 24. Bxd7 Qxd7 25. Ne1 Qxa4 26. Nd3 Qb5 27. Nc5 Bc8 28. b3 Nc3 29. Qe3 Qc6 30. Rxc3 bxc3 31. Rxc3 Qd5 32. Ne4 Bg7 33. Rc7 Bb7 34. f3 f5 35. Rxg7+ Kxg7 36. Be5+ Kf7 37. Nd6+ Ke7 38. Qh6 Bc6 39. Qg7+ Kd8 40. Bf6# 1-0


[Site "https://www.chess.com"]

[Event "Titled Tuesday Blitz May 23 Late 2023"]
[White "Arencibia Monduy, Antonio"]
[Black "cryptoguru02"]
[WhiteFideId "3507939"]
[WhiteElo "2413"]
[BlackElo "2559"]
[Result "0-1"]
[Round "07"]
[TimeControl "180+2"]
[Date "2023.05.23"]
[WhiteClock "0:00:00"]
[BlackClock "0:00:12"]

1. e4 e5 2. Bc4 Nf6 3. d3 c6 4. Nf3 Be7 5. O-O d6 6. Bb3 O-O 7. c3 Nbd7 8. Re1 Nc5 9. Bc2 Bg4 10. Nbd2 Re8 11. h3 Bh5 12. Nf1 Bf8 13. Ng3 Bxf3 14. Qxf3 d5 15. Bg5 Ne6 16. Be3 g6 17. Rad1 Bg7 18. Bb3 a5 19. Bc2 a4 20. a3 d4 21. Bd2 dxc3 22. bxc3 Qd6 23. Ra1 Nd7 24. Be3 Ndc5 25. Red1 Nb3 26. Ra2 Rad8 27. Ne2 Qc7 28. Rb2 Nec5 29. d4 exd4 30. cxd4 Qe7 31. Rbb1 Nxe4 32. Bxb3 axb3 33. Rxb3 Nf6 34. Rdb1 Rd7 35. Nc3 Ne4 36. Nxe4 Qxe4 37. Qxe4 Rxe4 38. Rxb7 Rxb7 39. Rxb7 Bxd4 40. Bh6 Re1+ 41. Kh2 Re8 42. Kg3 Ra8 43. Rb3 c5 44. Be3 c4 45. Rb4 Bxe3 46. fxe3 Rxa3 47. Rxc4 Rxe3+ 48. Kf2 Re7 49. Rc2 Kg7 50. Kf3 h5 51. Rc3 Rb7 52. h4 Kf6 53. g3 Rb5 54. Rc6+ Kf5 55. Rc3 f6 56. Rd3 g5 57. hxg5 fxg5 58. Rc3 g4+ 59. Ke3 Kg5 60. Rb3 Rxb3+ 0-1


[Site "https://www.chess.com"]

[Event "Titled Tuesday Blitz May 23 Late 2023"]
[White "FoxOnTheRun97"]
[Black "Prydun, Andriy"]
[BlackFideId "14145898"]
[WhiteElo "2557"]
[BlackElo "2164"]
[Result "1-0"]
[Round "07"]
[TimeControl "180+2"]
[Date "2023.05.23"]
[WhiteClock "0:00:20"]
[BlackClock "0:00:31"]

1. d4 Nf6 2. Bg5 Ne4 3. h4 d5 4. Nd2 Nd6 5. e3 c6 6. Ngf3 Nd7 7. Bd3 Nf6 8. Bxf6 exf6 9. c4 dxc4 10. Nxc4 Be7 11. Qc2 h6 12. O-O O-O 13. Nxd6 Bxd6 14. Bf5 Bc7 15. Rfd1 Qd5 16. Bxc8 Raxc8 17. Qc5 Qxc5 18. dxc5 Rfd8 19. Kf1 Kf8 20. Ke2 h5 21. g3 g6 22. b4 Ke7 23. Rxd8 Rxd8 24. Rd1 Rxd1 25. Kxd1 Ke6 26. Ke2 a5 27. a3 axb4 28. axb4 Bd8 29. Kd3 f5 30. Kc4 Bf6 31. b5 Kd7 32. b6 Ke6 33. Nd2 Ke5 34. Nb3 Ke4 35. Na5 Be5 36. Nxb7 Bb8 37. Nd8 Kf3 38. Nxc6 1-0


[Site "https://www.chess.com"]

[Event "Titled Tuesday Blitz May 23 Late 2023"]
[White "Erzhanov, Arman"]
[Black "Kirillov, Dmitry"]
[WhiteFideId "4138821"]
[BlackFideId "34180572"]
[WhiteElo "2138"]
[BlackElo "2161"]
[Result "0-1"]
[Round "07"]
[TimeControl "180+2"]
[Date "2023.05.23"]
[WhiteClock "0:00:52"]
[BlackClock "0:00:10"]

1. e4 c6 2. d4 d5 3. exd5 cxd5 4. c4 Nc6 5. c5 e5 6. Bb5 exd4 7. Bxc6+ bxc6 8. Qxd4 Nf6 9. Nf3 Ba6 10. Nc3 Be7 11. Ne5 Qc8 12. f3 O-O 13. Kf2 Nd7 14. Nxd7 Qxd7 15. Bf4 Rfe8 16. Rhe1 Qf5 17. g4 Bxc5 18. Qxc5 Qxf4 19. Kg2 Qd2+ 20. Qf2 Qxf2+ 21. Kxf2 Rab8 22. Na4 Kf8 23. b3 Rxe1 24. Rxe1 Re8 25. Rc1 Bb5 26. Rc2 Bxa4 27. bxa4 Rc8 28. Rc5 Ke7 29. Ke3 Kd6 30. Ra5 Rc7 31. Ra6 Rb7 32. Kd4 Rb4+ 33. Kd3 Rb7 34. Kd4 g5 35. h3 f6 36. Kd3 Kc5 37. Kc3 d4+ 38. Kd3 Kd5 39. Kd2 Re7 40. Kd3 Re3+ 41. Kd2 Rxf3 42. Rxa7 Rxh3 43. Rd7+ Kc4 44. Rd6 c5 45. Rxf6 Ra3 46. Rf5 Rxa2+ 47. Kc1 Rxa4 48. Rxg5 Kc3 49. Rxc5+ Kd3 50. Rh5 Ra1+ 51. Kb2 Rg1 52. Rxh7 Rxg4 53. Rh2 Rg6 54. Rg2 Rxg2+ 55. Kc1 Rc2+ 56. Kd1 Kc3 57. Ke1 d3 58. Kf1 Re2 59. Kg1 Re8 60. Kf1 d2 61. Kf2 d1=Q 62. Kg3 Qd7 63. Kf4 Qf7+ 64. Kg5 Rg8+ 65. Kh6 Qg6# 0-1


[Site "https://www.chess.com"]

[Event "Titled Tuesday Blitz May 23 Late 2023"]
[White "OPQRC"]
[Black "Gatterer, Florian"]
[BlackFideId "811688"]
[WhiteElo "2544"]
[BlackElo "2221"]
[Result "1-0"]
[Round "07"]
[TimeControl "180+2"]
[Date "2023.05.23"]
[WhiteClock "0:00:55"]
[BlackClock "0:00:00"]

1. e4 c5 2. Nf3 e6 3. b3 b6 4. Bb2 Bb7 5. d3 Nf6 6. Nbd2 Be7 7. g3 d5 8. Qe2 Nc6 9. Bg2 O-O 10. O-O a5 11. a4 Nb4 12. Rac1 Rc8 13. e5 Nd7 14. c3 Nc6 15. Rfe1 Ba6 16. Nf1 Re8 17. h4 b5 18. axb5 Bxb5 19. h5 h6 20. N1h2 Bf8 21. Ng4 a4 22. bxa4 Bxa4 23. Qe3 Rb8 24. Ba1 Qc7 25. Qf4 Bb5 26. c4 dxc4 27. dxc4 Ba6 28. Rcd1 Red8 29. Bc3 Nb6 30. Rxd8 Rxd8 31. Ng5 Nd4 32. Be4 hxg5 33. Qxg5 Qe7 34. Nf6+ Kh8 35. h6 gxf6 36. exf6 Qc7 37. h7 Nf3+ 38. Bxf3 Kxh7 39. Kg2 1-0


[Site "https://www.chess.com"]

[Event "Titled Tuesday Blitz May 23 Late 2023"]
[White "a-z30"]
[Black "Tologon tegin, Semetei"]
[BlackFideId "13800574"]
[WhiteElo "2409"]
[BlackElo "2247"]
[Result "1-0"]
[Round "07"]
[TimeControl "180+2"]
[Date "2023.05.23"]
[WhiteClock "0:00:12"]
[BlackClock "0:00:00"]

1. d3 d5 2. Nf3 Nf6 3. g3 c5 4. Bg2 Nc6 5. O-O Bg4 6. c4 e6 7. Bg5 Be7 8. Qa4 Bxf3 9. Bxf3 O-O 10. Nc3 Nd4 11. Bg2 dxc4 12. Qxc4 Rb8 13. Bxf6 gxf6 14. a4 b6 15. e3 Nf5 16. Rad1 Kh8 17. Bh3 Nd6 18. Qa6 Qc7 19. d4 f5 20. d5 Rbd8 21. Rd2 Bf6 22. Rfd1 Bxc3 23. bxc3 e5 24. a5 Rb8 25. Rb2 f4 26. exf4 exf4 27. axb6 axb6 28. Qe2 fxg3 29. hxg3 f6 30. Qf3 Nc4 31. Re2 Qd6 32. Re6 Qd8 33. d6 Ne5 34. Qd5 Ra8 35. Bf5 Ra3 36. Kg2 Rxc3 37. Rh1 Rf7 38. Rxe5 Rg7 39. Re3 Rxe3 40. fxe3 1-0


[Site "https://www.chess.com"]

[Event "Titled Tuesday Blitz May 23 Late 2023"]
[White "Zaitsev, Alexander"]
[Black "Chos, Alexey"]
[WhiteFideId "4164490"]
[BlackFideId "14117762"]
[WhiteElo "2373"]
[BlackElo "2234"]
[Result "1-0"]
[Round "07"]
[TimeControl "180+2"]
[Date "2023.05.23"]
[WhiteClock "0:01:04"]
[BlackClock "0:00:23"]

1. e4 e5 2. Nc3 Nf6 3. Bc4 Nxe4 4. Qh5 Nd6 5. Qxe5+ Qe7 6. Qxe7+ Bxe7 7. Bb3 O-O 8. Nf3 c6 9. d4 Nf5 10. d5 Na6 11. Bf4 Nc5 12. O-O-O Bf6 13. g4 Ne7 14. Bd6 Nxb3+ 15. axb3 Re8 16. Rhe1 h6 17. h4 g5 18. hxg5 hxg5 19. Ne4 Kg7 20. Nxf6 Kxf6 21. Rd3 b6 22. Rde3 Bb7 23. Bxe7+ Kg6 24. Ne5+ Kg7 25. Nxd7 Kg6 26. dxc6 Bxc6 27. Ne5+ 1-0


[Site "https://www.chess.com"]

[Event "Titled Tuesday Blitz May 23 Late 2023"]
[White "ArchibaldCerveza29"]
[Black "Reprintsev, Alexander"]
[BlackFideId "14100541"]
[WhiteElo "2407"]
[BlackElo "2218"]
[Result "0-1"]
[Round "07"]
[TimeControl "180+2"]
[Date "2023.05.23"]
[WhiteClock "0:00:06"]
[BlackClock "0:01:09"]

1. d4 d5 2. c4 e5 3. dxe5 d4 4. Nf3 Nc6 5. a3 g6 6. Bg5 f6 7. exf6 Nxf6 8. e3 Bg7 9. exd4 O-O 10. Be2 Bg4 11. O-O Bxf3 12. Bxf3 Nxd4 13. Bd5+ Kh8 14. Qxd4 c6 15. Rd1 cxd5 16. cxd5 Qd7 17. Qh4 Ng4 18. f3 Qa4 19. Nc3 Bd4+ 20. Kf1 Bxc3 21. bxc3 Ne3+ 22. Kg1 Qxh4 23. Bxh4 Nxd1 24. Rxd1 Rf7 25. d6 Rd7 26. c4 Rc8 27. Bf6+ Kg8 28. Rd4 Kf7 29. Be5 Ke6 30. f4 Rc5 31. g4 Ra5 32. Re4 Kf7 33. Re3 Ra4 34. c5 Rc4 35. Kf2 Rxc5 36. Kf3 b5 37. Rb3 a6 38. h4 Ke6 39. Re3 Kd5 40. Rd3+ Kc6 41. Re3 a5 42. h5 b4 43. hxg6 hxg6 44. axb4 axb4 45. f5 gxf5 46. gxf5 b3 47. Kf4 Rb7 48. Re1 Rb4+ 49. Kg5 Rxe5 50. Rxe5 b2 51. Re1 b1=Q 52. Rxb1 Rxb1 53. Kf6 Kxd6 54. Kg7 Rg1+ 55. Kf7 Ke5 56. f6 Rf1 57. Kg7 Rxf6 0-1


[Site "https://www.chess.com"]

[Event "Titled Tuesday Blitz May 23 Late 2023"]
[White "Musovic, Armin"]
[Black "Qiao, Cindy"]
[WhiteFideId "939935"]
[BlackFideId "2620243"]
[WhiteElo "2322"]
[BlackElo "1777"]
[Result "1-0"]
[Round "07"]
[TimeControl "180+2"]
[Date "2023.05.23"]
[WhiteClock "0:00:06"]
[BlackClock "0:00:45"]

1. a3 d5 2. d4 Nf6 3. Nf3 Bf5 4. c4 e6 5. Nc3 c6 6. g3 Nbd7 7. Bg2 Be7 8. Nh4 Bg4 9. h3 Bh5 10. g4 Bg6 11. O-O dxc4 12. Nxg6 hxg6 13. e4 b5 14. g5 Nh5 15. h4 Qc7 16. Qg4 Nb6 17. Be3 Rd8 18. Rad1 O-O 19. f4 a5 20. Rf3 b4 21. axb4 axb4 22. Ne2 c5 23. f5 exf5 24. exf5 cxd4 25. Nxd4 Bc5 26. fxg6 fxg6 27. Qe6+ Kh7 28. Rxf8 Rxf8 29. Rf1 Rxf1+ 30. Kxf1 Ng3+ 31. Kf2 Nd7 32. Bd5 Nh1+ 33. Kg1 Qc8 34. Kxh1 c3 35. Be4 Bxd4 36. Qxg6+ Kh8 37. Qh7# 1-0


[Site "https://www.chess.com"]

[Event "Titled Tuesday Blitz May 23 Late 2023"]
[White "Gasparyan, David"]
[Black "Sivakumar, Shaaketh"]
[WhiteFideId "13311980"]
[BlackFideId "30940176"]
[WhiteElo "2402"]
[BlackElo "2174"]
[Result "0-1"]
[Round "07"]
[TimeControl "180+2"]
[Date "2023.05.23"]
[WhiteClock "0:00:05"]
[BlackClock "0:00:58"]

1. d4 e6 2. c4 b6 3. Nc3 Bb7 4. e4 Bb4 5. Bd3 f5 6. exf5 Bxg2 7. fxe6 Nf6 8. Qc2 Bxh1 9. Bg6+ Kf8 10. Bd3 dxe6 11. Be3 Nc6 12. O-O-O Nxd4 13. Qa4 c5 14. a3 Bc6 15. Qa6 Bxc3 16. bxc3 Nf3 17. Nxf3 Bxf3 18. Be2 Qc8 19. Qxc8+ Rxc8 20. Bxf3 Ke7 21. Bf4 Rhd8 22. Rg1 g6 23. Bb7 Rb8 24. Bxb8 Rxb8 25. Bf3 Nd7 26. Be2 Rf8 27. Rf1 Rf4 28. Kc2 Ne5 29. Kb3 a6 30. f3 g5 31. h3 Kf6 32. Rd1 Nxf3 33. Bxf3 Rxf3 34. Rd6 Rxh3 35. Rxb6 g4 36. Rxa6 g3 37. Ra8 Rh6 38. Rf8+ Ke5 39. Rf1 g2 40. Rg1 Rg6 41. a4 h5 42. a5 h4 43. a6 h3 44. a7 Rg8 45. Rd1 h2 46. Re1+ Kf4 47. Rxe6 g1=Q 48. Rb6 h1=Q 49. Ka4 Qa1+ 50. Kb5 Qhb1+ 51. Kc6 Qa4+ 52. Kc7 Qh7+ 53. Kd6 Rd8+ 54. Ke6 Qad7+ 55. Kf6 Qhg7# 0-1


[Site "https://www.chess.com"]

[Event "Titled Tuesday Blitz May 23 Late 2023"]
[White "KorolDimitriy75"]
[Black "Martic, Ivan"]
[BlackFideId "929301"]
[WhiteElo "2397"]
[BlackElo "2360"]
[Result "1/2-1/2"]
[Round "07"]
[TimeControl "180+2"]
[Date "2023.05.23"]
[WhiteClock "0:00:04"]
[BlackClock "0:00:26"]

1. d4 d5 2. c4 c6 3. Nc3 Nf6 4. e3 a6 5. Nf3 Bf5 6. Bd3 Bxd3 7. Qxd3 e6 8. O-O Nbd7 9. e4 dxe4 10. Nxe4 Nxe4 11. Qxe4 Nf6 12. Qe2 Be7 13. Bg5 O-O 14. Rad1 b5 15. b3 bxc4 16. bxc4 Re8 17. Ne5 Qc7 18. c5 Nd5 19. Bxe7 Rxe7 20. Qf3 Rb8 21. Rb1 Ree8 22. g3 Rb5 23. a4 Rb4 24. Rxb4 Nxb4 25. Rb1 a5 26. h4 Rd8 27. Qe4 f6 28. Nc4 Qd7 29. Nd6 Rf8 30. Re1 h5 31. Qxe6+ Qxe6 32. Rxe6 Nc2 33. Nf5 g6 34. Ne3 Nxd4 35. Rd6 Nf3+ 36. Kg2 Ne5 37. f4 Nf7 38. Rxf6 Kg7 39. Rxc6 Rd8 40. Kf3 Rd3 41. Rc7 Kf8 42. Ke4 Ra3 43. c6 Rxa4+ 44. Kd5 Ra3 45. Nc4 Rxg3 46. Rc8+ Ke7 47. c7 Rd3+ 48. Kc6 Rc3 49. Re8+ Kf6 50. c8=Q Rxc4+ 51. Kd5 Rxc8 52. Rxc8 Kf5 53. Rf8 Kf6 54. Ra8 Nh6 55. Rxa5 Nf5 56. Ra6+ Kg7 57. Ke5 Nxh4 58. Ra7+ Kh6 59. Ra6 Nf5 60. Kf6 Nh4 61. Ra8 Kh7 62. Ra7+ Kh6 63. Ra8 Kh7 64. Ra7+ Kh6 65. Ra8 1/2-1/2


[Site "https://www.chess.com"]

[Event "Titled Tuesday Blitz May 23 Late 2023"]
[White "Evdokimov, Alexey"]
[Black "Kisic, Bozidar"]
[WhiteFideId "24162450"]
[BlackFideId "16500350"]
[WhiteElo "2154"]
[BlackElo "2234"]
[Result "0-1"]
[Round "07"]
[TimeControl "180+2"]
[Date "2023.05.23"]
[WhiteClock "0:00:00"]
[BlackClock "0:00:16"]

1. e4 g6 2. d4 Bg7 3. c3 d6 4. Bd3 c6 5. f4 b5 6. e5 Nh6 7. Nf3 O-O 8. O-O a6 9. Nbd2 c5 10. Ne4 cxd4 11. cxd4 dxe5 12. dxe5 Nc6 13. Neg5 Bf5 14. Bxf5 Qb6+ 15. Kh1 Nxf5 16. Qe1 Rfd8 17. Nh4 Ncd4 18. Be3 Qb7 19. Nxf5 Nxf5 20. Bg1 Rac8 21. Rc1 h6 22. Nf3 Qd5 23. Rxc8 Rxc8 24. Qd1 Qxa2 25. Qd7 Qc4 26. Rd1 h5 27. Bf2 Qc6 28. Qxc6 Rxc6 29. Rd8+ Bf8 30. h3 Ng7 31. Bh4 Ne6 32. Ra8 Kg7 33. Ng5 Nxg5 34. Bxg5 Rc2 35. Rxa6 Rxb2 36. Ra7 b4 37. Bxe7 Bxe7 38. Rxe7 Re2 39. Rb7 Re4 40. g3 h4 41. gxh4 Rxf4 42. Kg2 Re4 43. Kf3 Rxe5 44. Rxb4 Kh6 45. Kg3 Rf5 46. Rc4 Rf6 47. Rd4 Kh5 48. Rc4 Rf5 49. Rd4 Rb5 50. Re4 Rb3+ 51. Kg2 Rd3 52. Rc4 Re3 53. Rb4 f5 54. Rc4 Re4 55. Rc8 Kxh4 56. Rh8+ Kg5 57. Rc8 Re3 58. Rc4 Kh5 59. Rd4 Ra3 60. Rc4 g5 61. Rc8 Kg6 0-1


[Site "https://www.chess.com"]

[Event "Titled Tuesday Blitz May 23 Late 2023"]
[White "Carrasco Miranda, Andres"]
[Black "Haszon, David"]
[WhiteFideId "3405990"]
[BlackFideId "733610"]
[WhiteElo "2183"]
[BlackElo "2210"]
[Result "1/2-1/2"]
[Round "07"]
[TimeControl "180+2"]
[Date "2023.05.23"]
[WhiteClock "0:00:56"]
[BlackClock "0:01:03"]

1. d4 Nf6 2. c4 c5 3. d5 b5 4. cxb5 a6 5. bxa6 Bxa6 6. Nc3 g6 7. e4 Bxf1 8. Kxf1 d6 9. g3 Bg7 10. Kg2 O-O 11. Nf3 Qa5 12. Bd2 Nbd7 13. Qc2 Rfb8 14. a4 Qb6 15. b3 Qxb3 16. Qxb3 Rxb3 17. Rab1 c4 18. Rxb3 cxb3 19. Rb1 Nc5 20. Be3 Nfxe4 21. Nxe4 Nxe4 22. Rxb3 Nc3 23. a5 Nxd5 24. a6 Nxe3+ 25. Rxe3 Bf6 26. Ra3 Kf8 27. g4 h6 28. h4 g5 29. hxg5 hxg5 30. Ra5 Ke8 31. Nxg5 Bxg5 32. Rxg5 Rxa6 33. Rg8+ Kd7 34. Kg3 d5 35. Kf4 Rf6+ 36. Ke3 e5 37. g5 Rf5 38. g6 Ke6 39. g7 Kf6 40. Rd8 d4+ 41. Ke4 Rf4+ 42. Kd5 Kxg7 43. Kxe5 Rxf2 44. Rxd4 Kg6 45. Rg4+ Kh5 46. Rf4 Rxf4 47. Kxf4 Kh6 48. Kf5 Kh7 49. Kf6 Kg8 50. Kf5 Kg7 51. Kg5 Kg8 52. Kf6 Kf8 53. Kf5 Ke8 54. Kf6 Kf8 55. Kf5 Ke7 56. Ke5 f6+ 57. Kf5 Kf7 58. Kf4 Ke6 59. Ke4 Ke7 60. Kf4 Kf7 61. Kf5 Kg7 62. Kf4 Kg6 63. Kg4 f5+ 64. Kf4 Kf6 65. Kf3 Ke6 66. Kf4 Kf6 67. Kf3 Ke5 68. Ke3 Kf6 69. Kf4 Kg6 70. Kf3 Kf6 71. Kf4 Kg6 72. Kf3 Kg5 73. Kg3 f4+ 74. Kf3 Kf5 75. Kf2 Ke4 76. Ke2 Ke5 77. Kf3 Kf5 78. Kf2 Kg5 79. Kf3 Kf5 1/2-1/2


[Site "https://www.chess.com"]

[Event "Titled Tuesday Blitz May 23 Late 2023"]
[White "Mickiewicz, Piotr"]
[Black "Liu, Casper"]
[WhiteFideId "1114891"]
[BlackFideId "1454153"]
[WhiteElo "2246"]
[BlackElo "2221"]
[Result "1-0"]
[Round "07"]
[TimeControl "180+2"]
[Date "2023.05.23"]
[WhiteClock "0:00:27"]
[BlackClock "0:00:06"]

1. e4 Nc6 2. Nf3 d6 3. d4 g6 4. h3 Bg7 5. Be3 e5 6. d5 Nce7 7. Nfd2 f5 8. f3 Nf6 9. g4 O-O 10. c4 fxe4 11. fxe4 h6 12. Nc3 g5 13. Bd3 Ng6 14. Qc2 Nh4 15. O-O-O a6 16. Rdf1 Bd7 17. Kb1 Qb8 18. c5 b5 19. c6 Be8 20. Rf2 Bg6 21. Rhf1 a5 22. Nxb5 Kh7 23. a4 Rf7 24. Nf3 Nxf3 25. Rxf3 Qg8 26. Ka2 Raf8 27. Rf5 Bxf5 28. Rxf5 h5 29. Bxg5 hxg4 30. Bxf6 Rxf6 31. hxg4 Rxf5 32. exf5 Qxd5+ 33. Bc4 Qf3 34. Qh2+ Bh6 35. g5 Qxf5 36. Qxh6# 1-0


[Site "https://www.chess.com"]

[Event "Titled Tuesday Blitz May 23 Late 2023"]
[White "Alexikov, Alexander"]
[Black "Deviprasath, Sharvesh"]
[WhiteFideId "14103958"]
[BlackFideId "30938228"]
[WhiteElo "2186"]
[BlackElo "2168"]
[Result "0-1"]
[Round "07"]
[TimeControl "180+2"]
[Date "2023.05.23"]
[WhiteClock "0:00:08"]
[BlackClock "0:01:08"]

1. e4 c5 2. Nf3 d6 3. d4 cxd4 4. Nxd4 Nf6 5. Nc3 Nc6 6. Be2 g6 7. O-O Bg7 8. Be3 O-O 9. Kh1 Bd7 10. f4 Rc8 11. Nb3 a6 12. g4 b5 13. g5 Ne8 14. Qd2 Na5 15. Nd5 Nc4 16. Bxc4 Rxc4 17. Bb6 Qa8 18. Bd4 Bxd4 19. Nxd4 e5 20. fxe5 dxe5 21. Nb6 Qxe4+ 22. Nf3 Bg4 23. Qd3 Rd4 24. Qxe4 Rxe4 25. Kg2 f6 26. Kg3 Ng7 27. Nd5 Nf5+ 28. Kg2 fxg5 29. Nxg5 Rd4 30. h3 Rxd5 31. hxg4 Ne3+ 32. Kg1 Nxf1 33. Rxf1 Rxf1+ 34. Kxf1 Rd2 35. Nf3 Rxc2 36. Nxe5 Rxb2 0-1


[Site "https://www.chess.com"]